TOP OF THE 1ST |
---|
St Charles Sheens batting - Pitching for Nassau Rockets : RHP Armando Avilés | Pitching: RHP Armando Avilés | | Batting: RHB Max Rash | 0-0: Ball 1-0: Ground out 5-3 (Groundball, 5L) | Batting: RHB Rob Brady | 0-0: Swinging Strike 0-1: Called Strike 0-2: Ball 1-2: Strikes out swinging | Batting: RHB Miguel Encarnación | 0-0: Called Strike 0-1: Called Strike 0-2: Strikes out looking | Top of the 1st over - 0 runs, 0 hits, 0 errors, 0 left on base; St Charles 0 - Nassau 0 | BOTTOM OF THE 1ST |
---|
Nassau Rockets batting - Pitching for St Charles Sheens : LHP António Coronado | Pitching: LHP António Coronado | | Batting: LHB Andrew Alvarado | 0-0: Ball 1-0: Called Strike 1-1: Swinging Strike 1-2: SINGLE (Line Drive, 6M) | Batting: LHB Juan Romero | 0-0: Ball 1-0: Called Strike 1-1: Ball 2-1: Ground out 3-1 (Groundball, 3S) Andrew Alvarado to second | Batting: RHB Kenji Kudo | 0-0: Ground out U3 (Groundball, 34) Andrew Alvarado to third | Batting: RHB Salvador Borbón | 0-0: Called Strike 0-1: Ball 1-1: Ball 2-1: Foul Ball, location: 2F 2-2: Foul Ball, location: 2F 2-2: Foul Ball, location: 2F 2-2: Ball 3-2: Strikes out swinging | Bottom of the 1st over - 0 runs, 1 hit, 0 errors, 1 left on base; St Charles 0 - Nassau 0 | TOP OF THE 2ND |
---|
St Charles Sheens batting - Pitching for Nassau Rockets : RHP Armando Avilés | Batting: LHB Benny Richard | 0-0: Ball 1-0: Ball 2-0: Called Strike 2-1: Swinging Strike 2-2: Strikes out swinging | Batting: RHB Dan Tyler | 0-0: Ball 1-0: Ball 2-0: Ground out U3 (Groundball, 34) | Batting: SHB Henry Copeland | 0-0: Swinging Strike 0-1: Fly out, F8 (Flyball, 8LM) | Top of the 2nd over - 0 runs, 0 hits, 0 errors, 0 left on base; St Charles 0 - Nassau 0 | BOTTOM OF THE 2ND |
---|
Nassau Rockets batting - Pitching for St Charles Sheens : LHP António Coronado | Batting: LHB Don Ramey | 0-0: Ball 1-0: Ground out 4-3 (Groundball, 4) | Batting: SHB Edgardo Osorio | 0-0: Ball 1-0: Ball 2-0: Ground out 5-3 (Groundball, 56) | Batting: RHB John Anderson | 0-0: Called Strike 0-1: Ground out 4-3 (Groundball, 4) | Bottom of the 2nd over - 0 runs, 0 hits, 0 errors, 0 left on base; St Charles 0 - Nassau 0 | TOP OF THE 3RD |
---|
St Charles Sheens batting - Pitching for Nassau Rockets : RHP Armando Avilés | Batting: LHB Jason Lambert | 0-0: Swinging Strike 0-1: Ball 1-1: Foul Ball, location: 2F 1-2: Ball 2-2: Foul Ball, location: 2F 2-2: Foul Ball, location: 2F 2-2: Ball 3-2: SINGLE (Line Drive, 4D) | Batting: RHB Shawn Gutiérrez | 0-0: Called Strike 0-1: Swinging Strike 0-2: Foul Ball, location: 2F 0-2: Ball 1-2: Foul Ball, location: 2F 1-2: Fly out, F6 (Popup, 6) | Batting: LHB Nick Gamble | 0-0: Ball 1-0: SINGLE (Groundball, 6MD) Jason Lambert to second Runner from 2nd tries for 3rd, SAFE, no throw | Batting: RHB Max Rash | 0-0: Ball 1-0: Called Strike 1-1: Ball 2-1: Foul Ball, location: 2F 2-2: Ball 3-2: Foul Ball, location: 2F 3-2: Grounds into double play, 5-4-3 (Groundball, 5L) | Top of the 3rd over - 0 runs, 2 hits, 0 errors, 1 left on base; St Charles 0 - Nassau 0 | BOTTOM OF THE 3RD |
---|
Nassau Rockets batting - Pitching for St Charles Sheens : LHP António Coronado | Batting: SHB Joaquín López | 0-0: SOLO HOME RUN (Flyball, 78XD), Distance : 399 ft | Batting: LHB Wilson Allen | 0-0: Foul Ball, location: 2F 0-1: Foul Ball, location: 2F 0-2: Ground out 4-3 (Groundball, 34) | Batting: LHB Andrew Alvarado | 0-0: Swinging Strike 0-1: Swinging Strike 0-2: Strikes out looking | Batting: LHB Juan Romero | 0-0: Ball 1-0: Fly out, F8 (Flyball, 78D) | Bottom of the 3rd over - 1 run, 1 hit, 0 errors, 0 left on base; St Charles 0 - Nassau 1 | TOP OF THE 4TH |
---|
St Charles Sheens batting - Pitching for Nassau Rockets : RHP Armando Avilés | Batting: RHB Rob Brady | 0-0: Ground out 5-3 (Groundball, 5) | Batting: RHB Miguel Encarnación | 0-0: Called Strike 0-1: Ball 1-1: Foul Ball, location: 2F 1-2: Strikes out swinging | Batting: LHB Benny Richard | 0-0: Fly out, F9 (Flyball, 9) | Top of the 4th over - 0 runs, 0 hits, 0 errors, 0 left on base; St Charles 0 - Nassau 1 | BOTTOM OF THE 4TH |
---|
Nassau Rockets batting - Pitching for St Charles Sheens : LHP António Coronado | Batting: RHB Kenji Kudo | 0-0: Called Strike 0-1: Foul Ball, location: 2F 0-2: SOLO HOME RUN (Flyball, 7LD), Distance : 343 ft | Batting: RHB Salvador Borbón | 0-0: Ground out 5-3 (Groundball, 56) | Batting: LHB Don Ramey | 0-0: Called Strike 0-1: Ball 1-1: Ground out 6-3 (Groundball, 6MS) | Batting: SHB Edgardo Osorio | 0-0: Fly out, F7 (Line Drive, 7LM) | Bottom of the 4th over - 1 run, 1 hit, 0 errors, 0 left on base; St Charles 0 - Nassau 2 | TOP OF THE 5TH |
---|
St Charles Sheens batting - Pitching for Nassau Rockets : RHP Armando Avilés | Batting: RHB Dan Tyler | 0-0: Ball 1-0: Ball 2-0: Called Strike 2-1: Swinging Strike 2-2: Strikes out looking | Batting: SHB Henry Copeland | 0-0: Swinging Strike 0-1: Ball 1-1: Foul Ball, location: 2F 1-2: Ball 2-2: Strikes out looking | Batting: LHB Jason Lambert | 0-0: Foul Ball, location: 2F 0-1: SINGLE (Flyball, 8LS) | Batting: RHB Shawn Gutiérrez | 0-0: Ball 1-0: Called Strike 1-1: Fielders Choice at 2nd, 5-4 (Groundball, 56) | Top of the 5th over - 0 runs, 1 hit, 0 errors, 1 left on base; St Charles 0 - Nassau 2 | BOTTOM OF THE 5TH |
---|
Nassau Rockets batting - Pitching for St Charles Sheens : LHP António Coronado | Batting: RHB John Anderson | 0-0: Ball 1-0: Ball 2-0: Swinging Strike 2-1: Ball 3-1: Ground out 4-3 (Groundball, 4) | Batting: SHB Joaquín López | 0-0: Ball 1-0: Fly out, F4 (Flyball, 4D) | Batting: LHB Wilson Allen | 0-0: Ball 1-0: Foul Ball, location: 2F 1-1: Foul Ball, location: 2F 1-2: Strikes out swinging | Bottom of the 5th over - 0 runs, 0 hits, 0 errors, 0 left on base; St Charles 0 - Nassau 2 | TOP OF THE 6TH |
---|
St Charles Sheens batting - Pitching for Nassau Rockets : RHP Armando Avilés | Batting: LHB Nick Gamble | 0-0: SOLO HOME RUN (Flyball, 89XD), Distance : 392 ft | Batting: RHB Max Rash | 0-0: Ball 1-0: Ground out 5-3 (Groundball, 56) | Batting: RHB Rob Brady | 0-0: Ball 1-0: Called Strike 1-1: Called Strike 1-2: Ball 2-2: Ball 3-2: Foul Ball, location: 2F 3-2: Foul Ball, location: 2F 3-2: Ground out 4-3 (Groundball, 4) | Batting: RHB Miguel Encarnación | 0-0: Ball 1-0: Foul Ball, location: 2F 1-1: Foul Ball, location: 2F 1-2: Ball 2-2: Strikes out swinging | Top of the 6th over - 1 run, 1 hit, 0 errors, 0 left on base; St Charles 1 - Nassau 2 | BOTTOM OF THE 6TH |
---|
Nassau Rockets batting - Pitching for St Charles Sheens : LHP António Coronado | Batting: LHB Andrew Alvarado | 0-0: Called Strike 0-1: Called Strike 0-2: Foul Ball, location: 2F 0-2: Strikes out swinging | Batting: LHB Juan Romero | 0-0: Called Strike 0-1: Swinging Strike 0-2: Strikes out swinging | Batting: RHB Kenji Kudo | 0-0: Ground out 5-3 (Groundball, 56) | Bottom of the 6th over - 0 runs, 0 hits, 0 errors, 0 left on base; St Charles 1 - Nassau 2 | TOP OF THE 7TH |
---|
St Charles Sheens batting - Pitching for Nassau Rockets : RHP Armando Avilés | Batting: LHB Benny Richard | 0-0: Called Strike 0-1: Ground out U3 (Groundball, 3L) | Batting: RHB Dan Tyler | 0-0: Called Strike 0-1: Foul Ball, location: 2F 0-2: Ball 1-2: Strikes out swinging | Batting: SHB Henry Copeland | 0-0: Ground out 4-3 (Groundball, 4) | Top of the 7th over - 0 runs, 0 hits, 0 errors, 0 left on base; St Charles 1 - Nassau 2 | BOTTOM OF THE 7TH |
---|
Nassau Rockets batting - Pitching for St Charles Sheens : LHP António Coronado | Batting: RHB Salvador Borbón | 0-0: SOLO HOME RUN (Flyball, 9D), Distance : 351 ft | Batting: LHB Don Ramey | 0-0: Ball 1-0: Ball 2-0: Foul Ball, location: 2F 2-1: Fly out, F8 (Line Drive, 8RD) | Batting: SHB Edgardo Osorio | 0-0: Ball 1-0: Foul Ball, location: 2F 1-1: Fly out, F9 (Flyball, 9LMF) | Batting: RHB John Anderson | 0-0: Ball 1-0: Fly out, F7 (Flyball, 7LS) | Bottom of the 7th over - 1 run, 1 hit, 0 errors, 0 left on base; St Charles 1 - Nassau 3 | TOP OF THE 8TH |
---|
St Charles Sheens batting - Pitching for Nassau Rockets : RHP Armando Avilés | Batting: LHB Jason Lambert | 0-0: Called Strike 0-1: Called Strike 0-2: Foul Ball, location: 2F 0-2: Strikes out looking | Batting: RHB Shawn Gutiérrez | 0-0: Called Strike 0-1: SINGLE (Flyball, 8LS) | Batting: LHB Nick Gamble | 0-0: Ball 1-0: Ball 2-0: Ball 3-0: Base on Balls Shawn Gutiérrez to second | Pitching: RHP Juan Franco | | Batting: RHB Max Rash | 0-0: Ball 1-0: Ball 2-0: Called Strike 2-1: Swinging Strike 2-2: Strikes out looking | Pinch Hitting: LHB Larry Howard | 0-0: Ground out 4-3 (Groundball, 4) | Top of the 8th over - 0 runs, 1 hit, 0 errors, 2 left on base; St Charles 1 - Nassau 3 | BOTTOM OF THE 8TH |
---|
Nassau Rockets batting - Pitching for St Charles Sheens : LHP António Coronado | Now at SS: Kyle Harrison | | Batting: SHB Joaquín López | 0-0: Swinging Strike 0-1: Fly out, F8 (Flyball, 78D) | Batting: LHB Wilson Allen | 0-0: Ball 1-0: Called Strike 1-1: Swinging Strike 1-2: Strikes out swinging | Batting: LHB Andrew Alvarado | 0-0: Ball 1-0: Fly out, F8 (Flyball, 8LM) | Bottom of the 8th over - 0 runs, 0 hits, 0 errors, 0 left on base; St Charles 1 - Nassau 3 | TOP OF THE 9TH |
---|
St Charles Sheens batting - Pitching for Nassau Rockets : RHP Juan Franco | Batting: RHB Miguel Encarnación | 0-0: Called Strike 0-1: Ball 1-1: Ball 2-1: Called Strike 2-2: Strikes out swinging | Pitching: LHP Dennis Taylor | | Batting: LHB Benny Richard | 0-0: Called Strike 0-1: Foul Ball, location: 2F 0-2: Ball 1-2: Strikes out swinging | Batting: RHB Dan Tyler | 0-0: Fly out, F8 (Flyball, 8LXD) | Top of the 9th over - 0 runs, 0 hits, 0 errors, 0 left on base; St Charles 1 - Nassau 3 | |